 Dungeon Crawl Stone Soup version 0.26-a0-771-g060e6a62af (webtiles) character file.

Game seed: 10232620254532238772

27340 Queen the Carver (level 13, -11/114 HPs)
             Began as a Red Draconian Fighter on Nov 8, 2020.
             Was a Priest of the Shining One.
             Mangled by an entropy weaver
             ... wielding a +0 halberd
              (12 damage)
             ... on level 4 of the Lair of Beasts.
             The game lasted 01:16:03 (16684 turns).

Queen the Carver (Red Draconian Fighter)           Turns: 16684, Time: 01:16:04

Health: -11/114    AC:  8    Str: 22    XL:     13   Next: 3%
Magic:  18/19      EV: 13    Int:  9    God:    the Shining One [***...]
Gold:   882        SH: 26    Dex: 12    Spells: 12/12 levels left

rFire    + . .     SeeInvis +   a - +3 scimitar (flame)
rCold    . . .     Faith    .   s - +0 tower shield
rNeg     + . .     Spirit   .   (armour unavailable)
rPois    +         Reflect  .   (helmet restricted)
rElec    .         Harm     .   x - +1 cloak
rCorr    .         Rampage  .   j - +2 pair of gloves
MR       .....                  I - +2 pair of boots
Stlth    +.........             (no amulet)
HPRegen  0.29/turn              i - ring of poison resistance
MPRegen  0.16/turn              w - ring of see invisible

@: divine shield, short of breath, corroded, glowing
A: breathe fire, unfitting armour, fire resistance 1, cold-blooded, AC +8
a: Breathe Fire, Divine Shield, Renounce Religion


You were on level 4 of the Lair of Beasts.
You worshipped the Shining One.
The Shining One was most pleased with you.
You visited 3 branches of the dungeon, and saw 16 of its levels.

You collected 1096 gold pieces.
You spent 214 gold pieces at shops.

Inventory:

Hand Weapons
 a - a +3 scimitar of flaming (weapon)
 b - a +0 great sword of holy wrath
Missiles
 d - 23 boomerangs (quivered)
Armour
 j - a +2 pair of gloves (worn)
 s - a +0 tower shield (worn)
 x - a +1 cloak (worn)
 G - a +2 pair of gloves
 I - a +2 pair of boots (worn)
Jewellery
 i - a ring of poison resistance (left hand)
 w - a ring of see invisible (right hand)
 D - an uncursed ring of protection from fire
 O - an uncursed amulet of faith {unknown}
 Q - a cursed -4 ring of dexterity
Wands
 y - a wand of iceblast (8)
 B - a wand of acid (10)
 F - a wand of digging (7)
 J - a wand of disintegration (18)
 P - a wand of paralysis (7)
Scrolls
 f - 4 scrolls of fog
 k - 5 scrolls of blinking
 l - a scroll of enchant armour
 m - 6 scrolls of remove curse
 n - 5 scrolls of amnesia
 o - 3 scrolls of immolation {unknown}
 p - 6 scrolls of magic mapping
 q - 6 scrolls of teleportation
 A - 2 scrolls of random uselessness {unknown}
 C - 2 scrolls of torment {unknown}
 K - a scroll of enchant weapon {unknown}
 L - a scroll of brand weapon {unknown}
 M - a scroll of summoning {unknown}
 R - a scroll of noise {unknown}
 S - a scroll of acquirement {unknown}
 T - a scroll of identify {@r1}
Potions
 c - 4 potions of might
 e - 9 potions of curing
 g - 3 potions of resistance
 h - 2 potions of magic {unknown}
 r - 2 potions of mutation
 t - a potion of cancellation
 u - 4 potions of haste
 v - a potion of lignification
 z - a potion of attraction
 E - 2 potions of ambrosia {unknown}
 H - a potion of flight
 N - 2 potions of degeneration {unknown}
 U - a potion of heal wounds
 V - a potion of brilliance {unknown}


   Skills:
 + Level 10.3 Fighting
 * Level 12.7 Long Blades
 + Level 8.7 Dodging
 + Level 9.5 Shields
 + Level 8.5 Invocations
 - Level 6.0 Evocations


You had 12 spell levels left.
You didn't know any spells.
Your spell library contained the following spells:

 Spells                   Type           Power        Failure   Level
 Beastly Appendage        Tmut           #.....       96%         1
 Foxfire                  Conj/Fire      #...         96%         1
 Magic Dart               Conj           #...         96%         1
 Sandblast                Erth           #.....       96%         1
 Sting                    Tmut/Pois      #...         96%         1
 Blink                    Tloc           N/A          99%         2
 Call Imp                 Summ           #.......     99%         2
 Passwall                 Tmut/Erth      #.......     99%         2
 Poisonous Vapours        Pois/Air       #.....       99%         2
 Slow                     Hex            #.......     99%         2
 Wereblood                Tmut           #.......     99%         2
 Conjure Flame            Conj/Fire      #.......     100%        3
 Ignite Poison            Fire/Tmut/Pois #.......     100%        3
 Inner Flame              Hex/Fire       #.......     100%        3
 Mephitic Cloud           Conj/Pois/Air  #.......     100%        3
 Spider Form              Tmut/Pois      #.........   100%        3
 Stone Arrow              Conj/Erth      #.....       100%        3
 Ice Form                 Ice/Tmut       #.......     100%        4
 Olgreb's Toxic Radiance  Pois           #.......     100%        4
 Petrify                  Tmut/Erth      #.......     100%        4
 Sticky Flame             Conj/Fire      #.......     100%        4
 Blade Hands              Tmut           #.........   100%        5
 Fireball                 Conj/Fire      #.........   100%        5
 Lee's Rapid Deconstruct  Erth           #.........   100%        5


Dungeon Overview and Level Annotations

Branches:
Dungeon (11/15)            Temple (1/1) D:7            Lair (4/6) D:8
  Swamp (0/4) Lair:3          Orc (0/2) D:11
  Snake: Lair:2-4    Spider: Lair:2-4

Altars:
Ashenzari
Dithmenos
Gozag
Makhleb
Nemelex Xobeh
Qazlal
Uskayaw
Vehumet
Wu Jian
Yredelemnul
Zin
The Shining One

Shops:
D:5 *   D:11 [

Annotations:
D:5 2 transporters, kuniqs's ghost, novice DESu
D:11 3 runed translucent doors, lots of kobolds, demonologists, and a ghost, lis82's ghost, journeyman DgAE


Innate Abilities, Weirdness & Mutations

You can breathe blasts of fire.
Your fiery red scales are hard. (AC +8)
You cannot fit into any form of body armour.
Your flesh is heat resistant. (rF+)
You are cold-blooded and may be slowed by cold attacks.


Message History

The entropy weaver is heavily wounded.
You block the entropy weaver's attack. x2
The entropy weaver hits you with a +0 halberd!
* * * LOW HITPOINT WARNING * * *
You block the entropy weaver's attack.
The entropy weaver hits you from afar with a +0 halberd!
* * * LOW HITPOINT WARNING * * *
The entropy weaver barely misses you.
You block the entropy weaver's attack. x2
Things that are here:
a soldier ant corpse; a worker ant corpse; a soldier ant corpse
Okay, then.
As you read the scroll of fog, it crumbles to dust.
The scroll dissolves into smoke.
You block the entropy weaver's attack. x4
The entropy weaver hits you with a +0 halberd!
* * * LOW HITPOINT WARNING * * *
The entropy weaver hits you but does no damage.
You block the entropy weaver's attack. x2
You block the entropy weaver's attack. x2
The entropy weaver hits you with a +0 halberd!
You die...

... B. .. ##. #.
#.. .#...#.## #
#......B##### . .
#..#####B§#§#.#..
##@#§##....
#§####.....
......§#....P.#
......##......#
####.#...<..#..#
#..#...÷....P#
##...........#
#.........#.##
##..##...##..#


You could see a queen ant and an entropy weaver.

Vanquished Creatures
  Harold (D:8)
  5 hydras
  Erica (D:9)
  A cyclops (D:11)
  An ugly thing (D:10)
  2 black mambas (Lair:2)
  Psyche (D:9)
  6 cane toads
  2 gargoyles
  A torpor snail (Lair:3)
  6 komodo dragons
  4 trolls (D:9)
  A hornet (D:9)
  12 blink frogs
  4 dream sheep (Lair:3)
  27 yaks
  A wraith (D:10)
  A basilisk (Lair:3)
  2 swamp worms (Lair:3)
  8 soldier ants
  8 water moccasins
  12 orc warriors
  An ice beast (D:9)
  4 sky beasts
  6 black bears
  A hornet zombie (D:10)
  A phantom (D:11)
  7 ogres
  An eye of draining (D:9)
  2 centaurs
  13 bullfrogs
  A gnoll sergeant (D:6)
  A water moccasin zombie (D:6)
  7 scorpions
  4 killer bees
  A wight (D:9)
  2 howler monkeys
  A bullfrog zombie (D:9)
  3 quasits
  3 hounds
  3 jellies
  7 orc priests
  14 orc wizards
  2 bullfrog skeletons
  3 iguanas
  A centaur skeleton (D:5)
  25 worker ants
  A hound zombie (D:5)
  A hound skeleton (D:9)
  5 gnolls (D:6)
  A worker ant zombie (D:6)
  16 adders
  A shadow imp (D:6)
  5 white imps
  An ufetubus (D:9)
  3 oozes
  An adder skeleton (D:9)
  A worm (D:2)
  2 dart slugs
  5 leopard geckos
  66 orcs
  8 giant cockroaches
  3 goblins
  12 hobgoblins
  12 jackals
  4 quokkas
  12 bats
  5 frilled lizards
  A jackal zombie (D:5)
  2 kobolds
  A leopard gecko skeleton (D:6)
  6 rats
396 creatures vanquished.

Vanquished Creatures (others)
  An orc (D:11)
  5 fungi
  25 plants
31 creatures vanquished.

Grand Total: 427 creatures vanquished

Notes
Turn   | Place    | Note
-------+----------+-------------------------------------------
     0 | D:1      | Queen the Draconian Fighter began the quest for the Orb.
     0 | D:1      | Reached XP level 1. HP: 19/19 MP: 1/1
   164 | D:1      | Reached XP level 2. HP: 22/26 MP: 2/2
   446 | D:1      | Reached XP level 3. HP: 20/31 MP: 3/3
   771 | D:2      | Reached skill level 3 in Long Blades
   856 | D:2      | Reached XP level 4. HP: 38/40 MP: 4/4
   979 | D:2      | Found a radiant altar of Vehumet.
  1570 | D:3      | Found a stormy altar of Qazlal.
  1570 | D:3      | Noticed a fire elemental
  1571 | D:3      | Noticed a water elemental
  1571 | D:3      | Noticed an earth elemental
  1571 | D:3      | Noticed an air elemental
  1660 | D:3      | Reached XP level 5. HP: 46/46 MP: 5/5
  1752 | D:3      | Found a sparkling altar of Nemelex Xobeh.
  2419 | D:4      | Reached skill level 4 in Long Blades
  3016 | D:4      | Reached XP level 6. HP: 53/53 MP: 6/6
  3098 | D:5      | Entered Level 5 of the Dungeon
  3126 | D:5      | Noticed kuniqs's ghost (novice DESu)
  3179 | D:5      | Found a sparkling altar of Nemelex Xobeh.
  3454 | D:5      | Found a shadowy altar of Dithmenos.
  3568 | D:5      | Found Rafafer's Assorted Antiques.
  3571 | D:5      | Bought a cloak for 148 gold pieces
  3571 | D:5      | Bought a scroll of identify for 66 gold pieces
  3582 | D:5      | Noticed a sky beast
  3597 | D:5      | Killed a sky beast
  3597 | D:5      | Reached skill level 1 in Evocations
  3624 | D:5      | Reached skill level 5 in Long Blades
  3624 | D:5      | Your scales start taking on a fiery red colour.
  3624 | D:5      | Reached XP level 7. HP: 60/60 MP: 7/7
  3624 | D:5      | Gained mutation: Your flesh is heat resistant. (rF+) [Red
                  | Draconian growth]
  3668 | D:5      | Found a transporter.
  3689 | D:5      | Found a transporter.
  3828 | D:5      | Reached skill level 5 in Fighting
  3996 | D:5      | Found an ornate altar of the Wu Jian Council.
  4306 | D:6      | Found a broken altar of Ashenzari.
  4484 | D:6      | Reached skill level 6 in Long Blades
  4484 | D:6      | Reached XP level 8. HP: 50/68 MP: 8/8
  4531 | D:6      | Reached skill level 5 in Shields
  5219 | D:7      | Found a staircase to the Ecumenical Temple.
  5341 | Temple   | Entered the Ecumenical Temple
  5358 | Temple   | Became a worshipper of the Shining One
  5738 | D:6      | Reached skill level 7 in Long Blades
  5738 | D:6      | Reached skill level 5 in Dodging
  5738 | D:6      | Reached skill level 1 in Invocations
  6318 | D:7      | Reached XP level 9. HP: 75/75 MP: 10/10
  6527 | D:7      | Found an opulent altar of Gozag.
  7221 | D:8      | Noticed Harold
  7242 | D:8      | HP: 1/78 [acid (14)]
  7245 | D:8      | Killed Harold
  7245 | D:8      | Reached skill level 8 in Long Blades
  7682 | D:8      | Found a glowing silver altar of Zin.
  7842 | D:8      | Found a staircase to the Lair.
  7847 | D:8      | Noticed a komodo dragon
  8012 | D:8      | Killed a komodo dragon
  8650 | D:9      | Noticed Psyche
  8681 | D:9      | Paralysed by Psyche for 4 turns
  8686 | D:9      | Killed Psyche
  8686 | D:9      | Reached XP level 10. HP: 60/86 MP: 12/12
  8984 | D:9      | Reached skill level 5 in Evocations
  9317 | D:9      | Reached * piety under the Shining One
  9380 | D:9      | Reached skill level 9 in Long Blades
  9606 | D:9      | Noticed Erica
  9652 | D:9      | Killed Erica
 10435 | D:9      | Noticed a gargoyle
 10446 | D:9      | Killed a gargoyle
 10446 | D:9      | Reached skill level 5 in Invocations
 10547 | D:10     | Entered Level 10 of the Dungeon
 10750 | D:10     | Reached XP level 11. HP: 72/94 MP: 14/14
 10938 | D:10     | Reached skill level 10 in Long Blades
 11072 | D:10     | Reached ** piety under the Shining One
 11607 | D:11     | Noticed a purple ugly thing
 11694 | D:10     | Killed a purple ugly thing
 12282 | D:11     | Found a staircase to the Orcish Mines.
 12543 | D:11     | Identified the cursed +1 trident of Xafutiust {venom, +Inv
                  | rC+ Dex+3 Stlth-}
 12570 | D:11     | Found a runed translucent gate.
 12570 | D:11     | Found a runed translucent gate.
 12570 | D:11     | Found a runed translucent gate.
 12572 | D:11     | Noticed lis82's ghost (journeyman DgAE)
 12933 | D:11     | Found Otorro's Armour Boutique.
 13083 | Lair:1   | Entered Level 1 of the Lair of Beasts
 13236 | Lair:1   | Reached skill level 11 in Long Blades
 14015 | Lair:2   | Reached *** piety under the Shining One
 14282 | Lair:2   | Reached XP level 12. HP: 90/104 MP: 17/17
 14629 | Lair:2   | Noticed an eight-headed hydra
 14647 | Lair:2   | Killed a four-headed hydra
 15174 | Lair:2   | Got a wavering brass amulet
 15175 | Lair:2   | Identified the amulet of the Butterfly {Inacc *Drain +Inv
                  | rC- MR+ Dex+5} (You found it on level 2 of the Lair of
                  | Beasts)
 15340 | Lair:2   | Noticed a four-headed hydra
 15344 | Lair:2   | Killed a one-headed hydra
 15572 | Lair:3   | Reached skill level 12 in Long Blades
 15900 | Lair:3   | Reached skill level 10 in Fighting
 16045 | Lair:3   | Noticed a four-headed hydra
 16065 | Lair:3   | Killed a one-headed hydra
 16192 | Lair:3   | Noticed a four-headed hydra
 16194 | Lair:3   | Noticed a six-headed hydra
 16206 | Lair:4   | Killed a one-headed hydra
 16326 | Lair:3   | Killed a three-headed hydra
 16361 | Lair:3   | Found a staircase to the Swamp.
 16619 | Lair:4   | Reached XP level 13. HP: 114/114 MP: 19/19
 16668 | Lair:4   | Noticed an entropy weaver
 16683 | Lair:4   | HP: 1/114 [entropy weaver/+0 halberd (10)]
 16684 | Lair:4   | Mangled by an entropy weaver

Illustrated notes

Levels and vault maps discovered:
D:1:      lemuel_arrival_funnel, layout_basic, minivault_19
D:2:      layout_basic, old_standard_altar, grunt_ministairs_13
D:3:      layout_basic, nicolae_qazlal_style_of_elements, serial_park_tiny_2,
          chequers_serial_rivers_micro_a, nemelex_xobeh_ov_fountains_minmay
D:4:      layout_basic, serial_park_tiny_2
D:5:      layout_loops_ring, lemuel_coloured_pillars_altar,
          nicolae_overflow_hidden_temple, serial_shops, kennysheep_mini_moat,
          gammafunk_ghost_stat_death, minmay_misc_feat_tiny,
          nemelex_diamond_rough_becter, uniq_duvessa
D:6:      layout_basic, ashenzari_altar_1
D:7:      layout_cave_pools, grunt_gozag_breadcrumbs,
          minmay_temple_entry_proselytizer
D:8:      layout_basic, zin_treasury, david_lair_shrubbed, uniq_harold
D:9:      kennysheep_windowed_halls, layout_basic, uniq_psyche, uniq_erica
D:10:     layout_roguey [special_room_orc]
D:11:     layout_cross, orc_david_3, gammafunk_ghost_nasty_kobolds,
          serial_shops, shop
Temple:   kb_temple_of_zot
Lair:1:   layout_misc_corridors
Lair:2:   cheibrodos_lair_river_kwai, layout_regular_city
Lair:3:   layout_long_grid, palyth_hydra_swamp_entry,
          nicolae_lair_grove_arrangements, serial_bayou_shore_b,
          grunt_megastairs_5
Lair:4:   layout_loops_ring, minmay_snake_entry_six_corridors,
          ebering_ghost_reflecting_pool, minmay_holes, minmay_another_anthill,
          uniq_snorg

Skill      XL: |  1  2  3  4  5  6  7  8  9 10 11 12 |
---------------+-------------------------------------+-----
Dodging        | 3 4 5 6 7 8 |  8.7
Long Blades    | 3 4 5 6 7 8 9 11 12 | 12.7
Fighting       | 4 5 6 7 8 9 10 | 10.3
Shields        | 4 5 6 7 8 9 |  9.5
Evocations     | 1 2 3 4 6 |  6.0
Invocations    | 1 3 5 6 8 |  8.5

Action                   |  1- 3 |  4- 6 |  7- 9 | 10-12 | 13-15 || total
-------------------------+-------+-------+-------+-------+-------++-------
Melee: Long sword        |   102 |   198 |   310 |    63 |       ||   673
       Tailslap          |     6 |    25 |    48 |    98 |     4 ||   181
       Scimitar          |       |       |       |   556 |    43 ||   599
Invok: Divine Shield     |       |       |       |     4 |     1 ||     5
 Abil: Breathe Fire      |       |       |    32 |    55 |     2 ||    89
Evoke: Wand              |       |       |     1 |     1 |       ||     2
  Use: Scroll            |       |     6 |     3 |    11 |     1 ||    21
       Potion            |       |       |     4 |     1 |       ||     5
 Stab: Sleeping          |     1 |     2 |     2 |       |       ||     5
Armor: Skin              |    48 |    68 |    73 |   112 |     8 ||   309
Dodge: Dodged            |    39 |    87 |   153 |   229 |     3 ||   511
Block: Kite shield       |    63 |   101 |   121 |   168 |       ||   453
       Tower shield      |       |       |       |   164 |    49 ||   213
       Rpst.: Long sword |    13 |    33 |    50 |     8 |       ||   104
       Scimitar          |       |       |       |    54 |       ||    54

Table legend: (Time is in decaauts)
 A = Elapsed time spent in this place.
 B = Non-inter-level travel time spent in this place.
 C = Inter-level travel time spent in this place.
 D = Time resting spent in this place.
 E = Time spent auto-exploring this place.
 F = Levels seen in this place.
 G = Mean time per level.
                   A        B        C        D        E       F      G
               +--------+--------+--------+--------+--------+-----+--------+
         Total |  16820 |  16232 |    588 |   4966 |   7452 |  16 | 1051.2 |
       Dungeon |  13190 |  12705 |    485 |   3895 |   5775 |  11 | 1199.1 |
        Temple |     34 |     17 |     17 |      0 |      9 |   1 |   34.0 |
          Lair |   3595 |   3509 |     86 |   1071 |   1667 |   4 |  898.8 |
               +--------+--------+--------+--------+--------+-----+--------+

Top non-repeatable levels by time:
     D:9: 2080 daAuts
     D:6: 1666 daAuts
    D:10: 1646 daAuts
     D:7: 1521 daAuts
  Lair:2: 1254 daAuts
     D:5: 1185 daAuts
     D:8: 1108 daAuts
  Lair:1: 1077 daAuts
  Lair:3: 1067 daAuts
     D:4: 985 daAuts
    D:11: 804 daAuts
     D:1: 748 daAuts
     D:2: 737 daAuts
     D:3: 705 daAuts
  Lair:4: 196 daAuts
